 Dungeon Crawl Stone Soup version 0.20.1-1-g8b1a95d66d (webtiles) character file.

92 Ivernyr the Bolt Thrower (level 4, -9/39 HPs)
             Began as a Deep Dwarf Hunter on Nov 18, 2017.
             Mangled by an orc priest
             ... wielding a +0 morningstar
              (14 damage)
             ... on level 3 of the Dungeon.
             The game lasted 00:05:25 (1566 turns).

Ivernyr the Bolt Thrower (Deep Dwarf Hunter)        Turns: 1566, Time: 00:05:27

Health: -9/39      AC:  3    Str: 16    XL:     4   Next: 35%
Magic:  4/4        EV: 12    Int: 12    God:
Gold:   116        SH:  0    Dex: 13    Spells: 3/3 levels left

rFire    . . .     SeeInvis .   b - +0 hand axe
rCold    . . .     Gourm    .   (no shield)
rNeg     . . .     Faith    .   c - +0 leather armour
rPois    .         Spirit   .   (no helmet)
rElec    .         Reflect  .   (no cloak)
rCorr    .         Harm     .   (no gloves)
MR       .....                  (no boots)
Stlth    +.........             (no amulet)
Regen    0.0/turn               (no ring)
MPRegen  0.1/turn               (no ring)

@: non-regenerating
A: damage resistance, heal wounds, sense surroundings 1, no regeneration
a: Heal Wounds


You were on level 3 of the Dungeon.
You were very hungry.

You visited 1 branch of the dungeon, and saw 3 of its levels.

You collected 116 gold pieces.

Inventory:

Hand Weapons
 a - a +1 hand crossbow
 b - a +0 hand axe (weapon)
Missiles
 d - 17 bolts
Armour
 c - a +0 leather armour (worn)
Scrolls
 h - a scroll of amnesia {unknown}
 i - 2 scrolls of fear {unknown}
 l - 3 scrolls of teleportation {unknown}
 n - a scroll of noise {unknown}
Potions
 e - 4 potions of curing {unknown}
 g - 2 potions of lignification {unknown}
 j - a potion of mutation {unknown}
 m - a potion of brilliance {unknown}
 o - a potion of degeneration {unknown}
 p - a potion of resistance {unknown}
 q - a potion of might {unknown}
Comestibles
 f - 4 bread rations
 k - 7 fruits


   Skills:
 - Level 2.0 Fighting
 + Level 1.6 Axes
 * Level 5.5 Crossbows
 + Level 2.0 Armour
 - Level 2.1 Dodging
 - Level 1.2 Stealth


You had 3 spell levels left.
You didn't know any spells.

Dungeon Overview and Level Annotations

Branches:
Dungeon (3/15)

Altars:
Ashenzari


Innate Abilities, Weirdness & Mutations

You are resistant to damage.
You can heal yourself by infusing magical energy.
You passively map a small area around you.
You do not regenerate.


Message History

The orc priest closely misses you.
You hit the orc priest but do no damage.
The orc priest is severely wounded.
The orc priest barely misses you.
You barely miss the orc priest.
The orc priest is severely wounded.
The orc priest hits you with a morningstar!
You hit the orc priest but do no damage.
The orc priest is severely wounded.
The orc priest closely misses you.
You hit the orc priest.
The orc priest is almost dead.
The orc priest looks satisfied for a moment.
You hit the orc priest.
The orc priest is almost dead.
The orc priest invokes the aid of Beogh against you.
Beogh smites you!
* * * LOW HITPOINT WARNING * * *
The orc priest hits you with a morningstar!
You die...

#.......###.####
#.#####........#
#........##.##.#
*########....##<#
, , , * * *
#.#####.# ,*, **,
*#.#####.## *
#........., , , ,
#.######## * ,,,
#@# * * * * ,
#o#* *#.., ,, , ,
#..., #..#. ,, ,
.#.#.# .*.. # * .
#. * ,


You could see an orc priest.

Vanquished Creatures
  Terence (D:2)
  2 adders (D:2)
  2 worms (D:2)
  A dart slug (D:1)
  2 orcs (D:3)
  3 giant cockroaches
  4 goblins (D:1)
  2 hobgoblins
  4 jackals (D:2)
  2 quokkas (D:2)
  4 bats (D:1)
  2 frilled lizards
  5 kobolds (D:1)
  4 rats
38 creatures vanquished.

Notes
Turn   | Place    | Note
-------+----------+-------------------------------------------
     0 | D:1      | Ivernyr the Deep Dwarf Hunter began the quest for the Orb.
     0 | D:1      | Reached XP level 1. HP: 19/19 MP: 1/1
   100 | D:1      | Reached XP level 2. HP: 21/26 MP: 2/2
   432 | D:1      | Found a shattered altar of Ashenzari.
   438 | D:1      | Reached skill level 1 in Armour
   835 | D:2      | Reached skill level 5 in Crossbows
   840 | D:2      | Reached XP level 3. HP: 23/32 MP: 3/3
   935 | D:2      | Reached skill level 1 in Axes
  1102 | D:2      | Noticed Terence
  1114 | D:2      | Killed Terence
  1114 | D:2      | Reached XP level 4. HP: 27/39 MP: 4/4
  1566 | D:3      | Mangled by an orc priest

Skill      XL: |  1  2  3  4 |
---------------+-------------+-----
Fighting       | 2 |  2.0
Armour         | 1 2 |  2.0
Crossbows      | 5 |  5.5
Axes           | 1 |  1.6
Dodging        | |  2.1
Stealth        | |  1.2

Action                   |  1- 3 |  4- 6 || total
-------------------------+-------+-------++-------
Melee: Short sword       |    16 |       ||    16
       Hand axe          |    79 |    24 ||   103
 Fire: Hand crossbow     |    18 |       ||    18
 Abil: Heal Wounds       |       |     1 ||     1
 Stab: Sleeping          |     1 |       ||     1
  Eat: Chunk             |       |     1 ||     1
Armor: Leather armour    |    26 |     1 ||    27
Dodge: Dodged            |    72 |    13 ||    85
